 Dungeon Crawl Stone Soup version 0.27-a0-1036-g8e1b44f6bd (webtiles) character file.

Game seed: 15998447380969082174

245 tilp the Sneak (level 6, 0/33 HPs)
             Began as a Vine Stalker Brigand on Apr 18, 2021.
             Slain by an ogre
             ... wielding a +0 giant spiked club
              (21 damage)
             ... on level 4 of the Dungeon.
             The game lasted 00:04:15 (3075 turns).

tilp the Sneak (Vine Stalker Brigand)               Turns: 3075, Time: 00:04:16

Health: 0/33       AC: 12    Str: 13    XL:     6   Next: 10%
Magic:  0/7        EV:  5    Int: 11    God:
Gold:   157        SH:  0    Dex: 18    Spells: 5/5 levels left

rFire    . . .     SeeInvis .   a - +2 dagger
rCold    + . .     Faith    .   (no shield)
rNeg     . . .     Spirit   +   e - +3 chain mail {rC+}
rPois    .         Reflect  .   (no helmet)
rElec    .         Harm     .   c - +0 cloak
rCorr    .         Rampage  .   (no gloves)
Will     .....                  (no boots)
Stlth    ..........             (no amulet)
HPRegen  1.11/turn              (no ring)
MPRegen  0.10/turn              (no ring)

@: no status effects
A: fangs 2, regeneration 1, magic shield, antimagic bite, no potion heal 2
a: no special abilities


You were on level 4 of the Dungeon.
You visited 1 branch of the dungeon, and saw 4 of its levels.

You collected 157 gold pieces.

Inventory:

Hand Weapons
 a - a +2 dagger (weapon)
 k - a +1 dagger of pain
Missiles
 d - 13 poisoned darts (quivered)
 h - a curare-tipped dart {!f}
Armour
 c - a +0 cloak (worn)
 e - a +3 chain mail of cold resistance (worn)
Wands
 b - a wand of flame (10)
 q - a wand of acid (11)
 r - a wand of polymorph (13)
Scrolls
 j - a scroll of enchant weapon {unknown}
 m - a scroll of noise {unknown}
 o - a scroll of fog {unknown}
Potions
 f - a potion of curing {unknown}
 g - a potion of attraction {unknown}
 i - 4 potions of lignification
 l - a potion of berserk rage {unknown}
 n - a potion of might {unknown}
 p - a potion of ambrosia {unknown}


   Skills:
 - Level 4.0 Fighting
 + Level 4.1 Short Blades
 - Level 1.7 Throwing
 + Level 1.0 Dodging
 + Level 5.0 Stealth


You had 5 spell levels left.
You didn't know any spells.
Your spell library contained the following spells:

 Spells                   Type           Power      Damage    Failure   Level
 Foxfire                  Conj/Fire      0%         2x1d4     100%        1
 Conjure Flame            Conj/Fire      0%         6-21      100%        3
 Inner Flame              Hex/Fire       0%         N/A       100%        3
 Sticky Flame             Conj/Fire      0%         2d3       100%        4
 Fireball                 Conj/Fire      0%         3d3       100%        5


Dungeon Overview and Level Annotations

Branches:
Dungeon (4/15)
 Temple: D:4-7

Altars:

Shops:
D:4 =

Annotations:
D:1 dig vault


Innate Abilities, Weirdness & Mutations

You have extremely sharp teeth.
Your natural rate of healing is unusually fast.
When hurt, damage is shared between your health and your magic reserves.
Your bite disrupts and absorbs the magic of your enemies.
Potions cannot restore your health.


Message History

You kill the jackal!
No target in view!
No target in view!
There is an entrance to Zael's Jewellery Boutique here.
You can access your shopping list by pressing '$'.
Found a robe.
Found a stone staircase leading up.
A kobold comes into view. It is wielding a +0 dagger.
The kobold shouts!
The kobold hits you but does no damage.
You barely miss the kobold. The kobold hits you with a +0 dagger.
You hit the kobold.
The kobold is severely wounded.
You hit the kobold but do no damage. You bite the kobold.
You kill the kobold!
No target in view!
An ogre comes into view. It is wielding a +0 giant spiked club.
The ogre shouts!
You see here a scroll of identify.
An ogre is nearby!
You throw a poisoned dart.
The poisoned dart closely misses the ogre.
You throw a poisoned dart. The poisoned dart hits the ogre.
The ogre is poisoned.
You throw a poisoned dart. The poisoned dart hits the ogre.
You barely miss the ogre. You bite the ogre. You drain its power.
The ogre is moderately wounded.
The ogre barely misses you.
You hit the ogre. Your bite misses the ogre.
The ogre is moderately wounded.
You hit the ogre. You bite the ogre, but do no damage.
The ogre is moderately wounded.
The ogre hits you with a +0 giant spiked club!
You hit the ogre.
The ogre is heavily wounded.
You hit the ogre.
The ogre is heavily wounded.
The ogre hits you with a +0 giant spiked club!!
Ouch! That really hurt!
You die...

..# ... ...#... ...
#..#..##( ## ..
###........ .#. .#
........ ... #
.####....(. ... #.
.......(# #..
##.##.##..O.# .
#.....##.@..#
#..#....?..##
#..#.......##
##...........# ....
+$...........# ....#
##.##..#.....# ....#
#..##..##...#
....#####.#..###....#
.#...##......# ....#


You could see an ogre (poisoned).

Vanquished Creatures
  A scorpion (D:4)
  A hound (D:4)
  Terence (D:2)
  6 adders
  A gnoll (D:1)
  A worm (D:3)
  2 dart slugs
  4 orcs (D:3)
  2 endoplasms
  2 giant cockroaches
  11 goblins
  6 hobgoblins
  2 jackals (D:4)
  2 quokkas (D:3)
  8 ball pythons
  7 bats
  2 frilled lizards (D:1)
  5 kobolds
  8 rats
72 creatures vanquished.

Notes
Turn   | Place    | Note
-------+----------+-------------------------------------------
     0 | D:1      | tilp the Vine Stalker Brigand began the quest for the Orb.
     0 | D:1      | Reached XP level 1. HP: 11/11 MP: 2/2
   515 | D:1      | Reached XP level 2. HP: 15/15 MP: 3/3
   716 | D:1      | Reached XP level 3. HP: 17/19 MP: 4/4
  1163 | D:2      | Noticed Terence
  1171 | D:2      | Killed Terence
  1172 | D:2      | Gained mutation: Your natural rate of healing is unusually
                  | fast. [Vine Stalker growth]
  1172 | D:2      | Reached XP level 4. HP: 14/23 MP: 2/5
  2209 | D:3      | Found a faded altar of an unknown god.
  2266 | D:3      | Reached XP level 5. HP: 24/28 MP: 6/6
  2915 | D:4      | Reached skill level 1 in Dodging
  2915 | D:4      | Reached XP level 6. HP: 31/33 MP: 5/7
  3004 | D:4      | Found Zael's Jewellery Boutique.
  3016 | D:4      | Reached skill level 5 in Stealth
  3075 | D:4      | Slain by an ogre

Illustrated notes

Levels and vault maps discovered:
D:1:      saegor_arrival_simple_a, layout_basic, kennysheep_another_room,
          item_on_display_a
D:2:      layout_basic, minmay_box_of_dots, uniq_terence
D:3:      layout_loops_corners, ebering_ecumenical_altar_hall
D:4:      corexii_shack_village, layout_cave_pools,
          gammafunk_temple_overflow_elements, serial_shops,
          nicolae_shop_statue_plus, serial_bayou_pond_a

Skill      XL: |  1  2  3  4  5  6 |
---------------+-------------------+-----
Fighting       | 2 3 4 |  4.0
Short Blades   | 2 3 4 |  4.1
Dodging        | 1 |  1.0
Stealth        | 5 |  5.0
Throwing       | |  1.7

Action                   |  1- 3 |  4- 6 || total
-------------------------+-------+-------++-------
Melee: Dagger            |    57 |   151 ||   208
       Bite              |    11 |    40 ||    51
Throw: Dart              |     6 |     9 ||    15
  Use: Scroll            |     2 |       ||     2
 Stab: Sleeping          |     5 |       ||     5
Armor: Robe              |     9 |       ||     9
       Ring mail         |     9 |       ||     9
       Chain mail        |       |    90 ||    90
Dodge: Dodged            |    22 |    25 ||    47

Table legend: (Time is in decaauts)
 A = Elapsed time spent in this place.
 B = Non-inter-level travel time spent in this place.
 C = Inter-level travel time spent in this place.
 D = Time resting spent in this place.
 E = Time spent auto-exploring this place.
 F = Levels seen in this place.
 G = Mean time per level.
                   A        B        C        D        E       F      G
               +--------+--------+--------+--------+--------+-----+--------+
         Total |   3040 |   2936 |    104 |    340 |   2152 |   4 |  760.0 |
       Dungeon |   3040 |   2936 |    104 |    340 |   2152 |   4 |  760.0 |
               +--------+--------+--------+--------+--------+-----+--------+

Top non-repeatable levels by time:
     D:1: 1144 daAuts
     D:3: 964 daAuts
     D:2: 691 daAuts
     D:4: 241 daAuts
